 Dungeon Crawl Stone Soup version 0.19-a0-1553-g64c24c3 (webtiles) character file.

145 dorian the Distorting Demonspawn (level 5, 0/41 HPs)
             Began as a Demonspawn Abyssal Knight on Sept 14, 2016.
             Was a Believer of Lugonu.
             Slain by Xiguana's ghost (6 damage)
             ... on level 3 of the Dungeon.
             The game lasted 00:04:17 (2205 turns).

dorian the Distorting Demonspawn (DsAK)             Turns: 2205, Time: 00:04:17

Health: 0/41       AC:  4    Str: 13    XL:     5   Next: 6%
Magic:  8/8        EV: 11    Int: 14    God:    Lugonu [**....]
Gold:   127        SH:  4    Dex: 12    Spells: 0 memorised, 4 levels left

rFire  . . .     SeeInvis .     a - +1 falchion
rCold  . . .     Gourm    .     b - +0 leather armour
rNeg   . . .     Faith    .     (no shield)
rPois  .         Spirit   .     (no helmet)
rElec  .         Dismiss  .     (no cloak)
rCorr  .         Reflect  .     r - +0 pair of gloves
MR     .....     Harm     .     (no boots)
Stlth  +.........               (no amulet)
                                (no ring)
                                (no ring)

@: drained
A: large bone plates 1, foul stench 2, rot immunity
a: Depart the Abyss, Bend Space, Renounce Religion


You were on level 3 of the Dungeon.
You worshipped Lugonu.
Lugonu was pleased with you.
You were not hungry.

You visited 1 branch of the dungeon, and saw 3 of its levels.
You visited the Abyss 1 time.

You collected 127 gold pieces.

Inventory:

Hand Weapons
 a - a +1 falchion (weapon)
Armour
 b - a +0 leather armour (worn)
 r - a +0 pair of gloves (worn)
Scrolls
 e - 3 scrolls of remove curse {unknown}
 k - a scroll of blinking {unknown}
Potions
 f - a potion of cancellation {unknown}
 g - a potion of haste {unknown}
 h - 3 potions of curing {unknown}
 j - 2 potions of mutation {unknown}
 o - a potion of resistance {unknown}
 q - a potion of heal wounds {unknown}
Comestibles
 c - a bread ration
 d - a meat ration
 i - a beef jerky
 l - a chunk of flesh
 m - a royal jelly
 n - a slice of pizza
 p - 2 fruits


   Skills:
 - Level 3.0(2.7) Fighting
 + Level 3.5(3.3) Long Blades
 - Level 1.7(1.5) Armour
 - Level 0.8(0.6) Dodging
 + Level 5.2(4.9) Invocations


You had 4 spell levels left.
You didn't know any spells.

Dungeon Overview and Level Annotations

Branches:
Dungeon (3/15)

Altars:

Annotations:
D:3 Xiguana's ghost, amateur DsCK


Innate Abilities, Weirdness & Mutations

You are partially covered in large bone plates. (SH +4)
You frequently emit foul miasma when damaged in melee.
You are immune to rotting.


Message History

Xiguana's ghost hits you but does no damage.
You hit Xiguana's ghost but do no damage.
Xiguana's ghost is moderately damaged.
Xiguana's ghost hits you. Xiguana's ghost freezes you.
You hit Xiguana's ghost.
Xiguana's ghost is heavily damaged.
Xiguana's ghost hits you but does no damage.
You barely miss Xiguana's ghost.
Xiguana's ghost is heavily damaged.
Xiguana's ghost hits you but does no damage.
You feel drained.
You closely miss Xiguana's ghost.
Xiguana's ghost is moderately damaged.
Xiguana's ghost completely misses you.
You riposte.
You barely miss Xiguana's ghost.
Xiguana's ghost is moderately damaged.
Xiguana's ghost hits you!
You convulse!
* * * LOW HITPOINT WARNING * * *
Xiguana's ghost hits you.
You die...

# #.######### #
.......... .#
#......#
######.##
#......#
#........
#.....W###.)....#
###.##(@()......#
# #####......##
##).......
#...###.## #o###
# .W. ...oo
#.#... # ..##


You could see Xiguana's ghost.

Vanquished Creatures
  Jessica (D:2)
  An orc wizard (D:3)
  4 adders
  2 worms (D:2)
  A giant gecko (D:2)
  5 orcs
  A ball python (D:2)
  3 bats
  4 giant cockroaches
  5 goblins
  4 hobgoblins
  4 jackals (D:1)
  3 frilled lizards
  5 kobolds
  4 rats
47 creatures vanquished.

Notes
Turn   | Place    | Note
-------+----------+-------------------------------------------
     0 | Abyss:1  | dorian the Demonspawn Abyssal Knight began the quest for the Orb.
     0 | Abyss:1  | Reached XP level 1. HP: 18/18 MP: 2/2
    23 | D:1      | Escaped the Abyss
    86 | D:1      | Gained mutation: You are partially covered in large bone plates. (SH +4) [demonic ancestry]
    86 | D:1      | Reached XP level 2. HP: 13/24 MP: 4/4
   163 | D:1      | Reached skill level 3 in Invocations
   671 | D:2      | Reached ** piety under Lugonu
   708 | D:2      | Gained mutation: You are immune to rotting. [demonic ancestry]
   708 | D:2      | Reached XP level 3. HP: 18/29 MP: 5/5
   793 | D:2      | Noticed Jessica
   804 | D:2      | Killed Jessica
   804 | D:2      | Reached skill level 4 in Invocations
   822 | D:2      | Found a faded altar of an unknown god.
   891 | D:2      | Gained mutation: You may emit foul miasma when damaged in melee. [demonic ancestry]
   891 | D:2      | Reached XP level 4. HP: 16/35 MP: 7/7
  1519 | D:3      | Noticed Xiguana's ghost (amateur DsCK)
  1724 | D:3      | Reached skill level 5 in Invocations
  1921 | D:2      | Gained mutation: You frequently emit foul miasma when damaged in melee. [demonic ancestry]
  1921 | D:2      | Reached XP level 5. HP: 20/41 MP: 8/8
  2205 | D:3      | Slain by Xiguana's ghost

Vault maps used:
D:1:      wheals_arrival_shading, serial_forest, infiniplex_forest_lined_3,
          infiniplex_forest_lined_ring, infiniplex_forest_straight_2,
          infiniplex_forest_clump_small
D:2:      ecumenical_altar_2, uniq_jessica
D:3:      uniq_robin

Skill      XL: |  1  2  3  4 |
---------------+-------------+-----
Long Blades    | 2 3 |  3.5
Invocations    | 3 4 5 |  5.2
Fighting       | |  3.0
Armour         | |  1.7
Dodging        | |  0.8

Action                   |  1- 3 |  4- 6 || total
-------------------------+-------+-------++-------
Melee: Falchion          |   118 |   109 ||   227
  Eat: Chunk             |       |     4 ||     4
Armor: Leather armour    |    27 |    16 ||    43
Dodge: Dodged            |    55 |    47 ||   102
Block: Other             |    10 |     7 ||    17
